 Dungeon Crawl Stone Soup version 0.19-a0-944-gb338e1e (webtiles) character file.

362 Implojin the Ruffian (level 6, -6/59 HPs)
             Began as a Troll Fighter on July 9, 2016.
             Mangled by Implojin's ghost (11 damage)
             ... on level 7 of the Dungeon.
             The game lasted 00:02:54 (680 turns).

Implojin the Ruffian (Troll Fighter)                 Turns: 680, Time: 00:02:55

Health: -6/59      AC:  7    Str: 30    XL:     6   Next: 39%
Magic:  5/5        EV:  6    Int:  4    God:
Gold:   65         SH: 15    Dex: 11    Spells: 0 memorised, 5 levels left

rFire  . . .     SeeInvis .       - Unarmed
rCold  . . .     Gourm    +     p - +1 robe {MR+}
rNeg   . . .     Faith    .     e - +0 large shield
rPois  .         Spirit   .     (helmet restricted)
rElec  .         Dismiss  .     i - +0 cloak
rCorr  .         Reflect  .     (gloves unavailable)
SustAt .         Harm     .     (boots unavailable)
MR     +....                    (no amulet)
Stlth  +.........               (no ring)
                                (no ring)

@: mighty, somewhat resistant to hostile enchantments, very unstealthy
A: unfitting armour, claws 3, fast metabolism 3, gourmand, regeneration 2,
shaggy fur 1, tough skin 2
a: no special abilities


You were on level 7 of the Dungeon.
You were not hungry.

You visited 1 branch of the dungeon, and saw 7 of its levels.

You collected 65 gold pieces.

Inventory:

Missiles
 l - 4 javelins (quivered)
Armour
 a - a +0 robe
 b - a +0 shield
 e - a +0 large shield (worn)
 i - a +0 cloak (worn)
 p - a +1 robe of magic resistance (worn)
Scrolls
 f - 6 scrolls of identify {unknown}
 g - 3 scrolls of teleportation {unknown}
 h - a scroll of amnesia {unknown}
 m - a scroll of fear {unknown}
 q - a scroll of remove curse {unknown}
Potions
 j - a potion of curing {unknown}
 n - a potion of haste {unknown}
 o - a potion of brilliance {unknown}
Comestibles
 d - 8 bread rations
 k - a meat ration


   Skills:
 - Level 2.4 Fighting
 - Level 2.4 Dodging
 - Level 2.4 Shields
 * Level 6.9 Unarmed Combat


You had 5 spell levels left.
You didn't know any spells.

Dungeon Overview and Level Annotations

Branches:
Dungeon (7/15)
 Temple: D:4-7

Altars:

Shops:
D:5 :

Annotations:
D:5 Menkaure
D:7 Implojin's ghost, novice MiFi


Innate Abilities, Weirdness & Mutations

You are too large for most types of armour.
You have claws for hands.
Your metabolism is lightning-fast.
You like to eat raw meat.
You heal very quickly.
You are covered in fur. (AC +1)
You have very tough skin. (AC +2)


Message History

You kill the ice beast!
You claw the adder zombie!
You destroy the adder zombie!
You block Implojin's ghost's attack.
You closely miss Implojin's ghost. Implojin's ghost hits you.
Your shield prevents you from hitting Implojin's ghost.
Implojin's ghost hits you!
You barely miss Implojin's ghost.
Implojin's ghost screams, "What do you have that I didn't have?"
You block Implojin's ghost's attack.
You miss Implojin's ghost. Implojin's ghost hits you!
* * * LOW HITPOINT WARNING * * *
Unknown command.
You completely miss Implojin's ghost. You block Implojin's ghost's attack.
You miss Implojin's ghost. You block Implojin's ghost's attack.
Your shield prevents you from hitting Implojin's ghost.
You hear the slow hiss of a distant avalanche of sand.
Implojin's ghost hits you but does no damage.
You scratch Implojin's ghost.
Implojin's ghost is lightly damaged.
Implojin's ghost hits you but does no damage.
You closely miss Implojin's ghost.
Implojin's ghost is lightly damaged.
You block Implojin's ghost's attack.
You barely miss Implojin's ghost.
Implojin's ghost is lightly damaged.
Implojin's ghost hits you!
* * * LOW HITPOINT WARNING * * *
You claw Implojin's ghost!
Implojin's ghost is moderately damaged.
Implojin's ghost says, "I was once a great warrior, and I still am!"
You block Implojin's ghost's attack. x2
You closely miss Implojin's ghost.
Implojin's ghost is lightly damaged.
Implojin's ghost hits you!
* * * LOW HITPOINT WARNING * * *
You closely miss Implojin's ghost.
Implojin's ghost is lightly damaged.
Implojin's ghost hits you!
You die...

#.# #.#
#######.####
...........#.#
#####<....#
#.##.#.# #.# .#
# #.# .# #@# .#
.#######W# .. .
.........# ..
..?
########.###...#
....W.......?#
........###..#
######### #


You could see Implojin's ghost.

Vanquished Creatures
  An ice beast (D:7)
  An ogre (D:3)
  A centaur zombie (D:5)
  A jelly (D:5)
  An orc wizard (D:6)
  An orc priest (D:6)
  An iguana (D:4)
  An adder (D:3)
  An adder zombie (D:7)
  A dart slug (D:3)
  5 orcs
  2 giant cockroaches
  2 hobgoblins (D:3)
  2 jackals (D:2)
  2 kobolds (D:1)
  A bat (D:2)
  A giant newt (D:1)
  A jackal skeleton (D:4)
  A quokka zombie (D:6)
  2 rats (D:1)
29 creatures vanquished.

Notes
Turn   | Place    | Note
-------+----------+-------------------------------------------
     0 | D:1      | Implojin the Troll Fighter began the quest for the Orb.
     0 | D:1      | Reached XP level 1. HP: 22/22 MP: 0/0
    22 | D:1      | Noticed an electric eel
   217 | D:2      | Reached XP level 2. HP: 26/29 MP: 1/1
   250 | D:3      | Reached skill level 3 in Unarmed Combat
   381 | D:3      | Noticed an ogre
   391 | D:3      | Killed an ogre
   391 | D:3      | Reached skill level 4 in Unarmed Combat
   391 | D:3      | Reached XP level 3. HP: 27/36 MP: 2/2
   391 | D:3      | Reached XP level 4. HP: 33/44 MP: 3/3
   497 | D:4      | Reached skill level 5 in Unarmed Combat
   539 | D:5      | Entered Level 5 of the Dungeon
   543 | D:5      | Reached XP level 5. HP: 50/50 MP: 4/4
   549 | D:5      | Found Guybeymm's Book Boutique.
   581 | D:5      | Noticed Menkaure
   592 | D:6      | Reached skill level 6 in Unarmed Combat
   634 | D:6      | Reached XP level 6. HP: 56/59 MP: 5/5
   654 | D:7      | Noticed an ice beast
   654 | D:7      | Noticed Implojin's ghost (novice MiFi)
   665 | D:7      | Killed an ice beast
   680 | D:7      | Mangled by Implojin's ghost

Vault maps used:
D:1:      arrival_aquarium_a, minmay_door_square, serial_bayou_pond_a,
          kennysheep_minor_cross
D:3:      first_bread, ecumenical_altar_1
D:4:      serial_bayou_crossing
D:5:      serial_shops, kennysheep_mini_moat, uniq_menkaure
D:7:      nicolae_ossuary_entry_catacombs

Skill      XL: |  1  2  3  4  5 |
---------------+----------------+-----
Unarmed Combat | 4 5 6 |  6.9
Fighting       | |  2.4
Dodging        | |  2.4
Shields        | |  2.4

Action                   |  1- 3 |  4- 6 || total
-------------------------+-------+-------++-------
Melee: Unarmed           |    47 |    56 ||   103
  Use: Potion            |       |     1 ||     1
  Eat: Chunk             |     1 |     4 ||     5
Armor: Robe              |     8 |    10 ||    18
Dodge: Dodged            |    10 |     8 ||    18
Block: Large shield      |    30 |    32 ||    62

Table legend:
 A = Turns spent in this place as a percentage of turns spent in the entire game.
 B = Non-inter-level travel turns spent in this place as a percentage of non-inter-level travel turns spent in the entire game.
 C = Inter-level travel turns spent in this place as a percentage of turns spent in this place.
 D = Turns resting spent in this place as a percentage of non-inter-level travel turns spent in this place.
 E = Turns spent auto-exploring this place as a percentage of non-inter-level travel turns spent in this place.
 F = Non-inter-level travel turns spent in this place divided by the number of levels of this place that you've seen.
                   A       B       C       D       E      F
               +-------+-------+-------+-------+-------+----------------------
         Total | 100.0 | 100.0 |   0.0 |   0.0 |   0.0 |  91.7
       Dungeon | 100.0 | 100.0 |   0.0 |   0.0 |   0.0 |  91.7
               +-------+-------+-------+-------+-------+----------------------

Table legend:
 A = Kills in this place as a percentage of kills in entire the game.
 B = Kills by you in this place as a percentage of kills by you in the entire game.
 C = Kills by friends in this place as a percentage of kills by friends in the entire game.
 D = Other kills in this place as a percentage of other kills in the entire game.
 E = Experience gained in this place as a percentage of experience gained in the entire game.
 F = Experience gained in this place divided by the number of levels of this place that you have seen.
                   A       B       C       D       E      F
               +-------+-------+-------+-------+-------+----------------------
         Total | 100.0 | 100.0 |  -nan |  -nan | 100.0 |  74.0
       Dungeon | 100.0 | 100.0 |  -nan |  -nan | 100.0 |  74.0
               +-------+-------+-------+-------+-------+----------------------
